 Dungeon Crawl Stone Soup version 0.22.1-1-ga44c0e5 (webtiles) character file.

496931 Stepladder the Spry (level 24, -2/201 HPs)
             Began as a Merfolk Summoner on Oct 18, 2018.
             Was a High Priest of Okawaru.
             Killed from afar by a quicksilver dragon (18 damage)
             ... with a bolt of dispelling energy
             ... on level 1 of the Realm of Zot on Oct 22, 2018.
             The game lasted 11:26:40 (102326 turns).

Stepladder the Spry (Merfolk Summoner)            Turns: 102326, Time: 11:26:42

Health: -2/201     AC: 28    Str:  8    XL:     24   Next: 84%
Magic:  6/42       EV: 24    Int: 21    God:    Okawaru [*****.]
Gold:   1924       SH:  9    Dex: 19    Spells: 8/53 levels left

rFire    + + .     SeeInvis +   a - +4 demon trident of Siocueda {elec, rElec rPois rN+++ Int-2}
rCold    + . .     Gourm    .   I - +3 buckler {AC+3}
rNeg     + + +     Faith    .   N - quicksilver dragon scales
rPois    +         Spirit   .   O - +2 hat {SInv}
rElec    +         Reflect  .   V - +2 cloak
rCorr    .         Harm     .   t - +2 pair of gloves {Dex+3}
MR       ++++.                  y - +2 pair of boots {Stlth+}
Stlth    ++++......             W - amulet of Gupir Ehaps {rC+ Regen+ Str-3 Int+4 Slay+3}
HPRegen  0.83/turn              w - ring of the Townfolk {rPois rF++ Str-2 Slay+3}
MPRegen  0.28/turn              l - ring of the Oligarchy {+Fly MR++}

@: no status effects
A: change form in water, swift swim, stealthy swim
}: 3/15 runes: decaying, silver, gossamer
a: Heroism, Finesse, Renounce Religion, Evoke Flight


You were on level 1 of the Realm of Zot.
You worshipped Okawaru.
Okawaru was extremely pleased with you.
You were not hungry.

You visited 10 branches of the dungeon, and saw 46 of its levels.
You visited the Abyss 1 time.
You also visited: Ice Cave.

You collected 4948 gold pieces.
You spent 3024 gold pieces at shops.

Inventory:

Hand Weapons
 a - the +4 demon trident of Siocueda (weapon) {elec, rElec rPois rN+++ Int-2}
   (Okawaru gifted it to you in an ice cave)

   Occasionally, upon striking a foe, it will discharge some electrical energy
   and cause terrible harm.
   It affects your intelligence (-2).
   It insulates you from electricity.
   It protects you from poison.
   It renders you almost immune to negative energy.
 s - the +9 glaive of the Pariah {chop, rF++}
   (Okawaru gifted it to you on level 3 of the Lair of Beasts)

   It inflicts extra damage upon your enemies.
   It greatly protects you from fire.
 H - a +3 demon trident of piercing
Missiles
 b - a throwing net (quivered)
 r - 4 silver tomahawks
Armour
 t - a +2 pair of gloves of dexterity (worn)
 y - a +2 pair of boots of stealth (worn)
 I - a +3 buckler of protection (worn)
 N - quicksilver dragon scales (worn)
 O - a +2 hat of see invisible (worn)
 V - a +2 cloak (worn)
Jewellery
 h - the amulet of the Four Winds {rN+ MR+++ Clar}
   (You took it off a frost giant on level 5 of the Vaults)

   [amulet of nothing]

   It protects you from negative energy.
   It affects your resistance to hostile enchantments.
   It protects you against confusion.
 l - the ring of the Oligarchy (right hand) {+Fly MR++}
   (You bought it in a shop on level 1 of the Elven Halls)

   [ring of flight]

   It affects your resistance to hostile enchantments.
   It lets you fly.
 q - the ring "Aruanief" {rC+ Dex+3}
   (You bought it in a shop on level 2 of the Orcish Mines)

   [ring of dexterity]

   It affects your dexterity (+3).
   It protects you from cold.
 w - the ring of the Townfolk (left hand) {rPois rF++ Str-2 Slay+3}
   (You found it on level 2 of the Spider Nest)

   [ring of poison resistance]

   It affects your strength (-2).
   It affects your accuracy and damage with ranged weapons and melee attacks
   (+3).
   It greatly protects you from fire.
   It protects you from poison.
 S - an uncursed ring of protection from fire {unknown}
 W - the amulet of Gupir Ehaps (around neck) {rC+ Regen+ Str-3 Int+4 Slay+3}
   (You took it off a deep elf demonologist on level 3 of the Elven Halls)

   [amulet of regeneration]

   It affects your strength (-3).
   It affects your intelligence (+4).
   It affects your accuracy and damage with ranged weapons and melee attacks
   (+3).
   It protects you from cold.
   It increases your rate of regeneration.
Wands
 d - a wand of disintegration (11)
 g - a wand of iceblast (18)
 o - a wand of digging (2)
 v - a wand of clouds (5)
 z - a wand of acid (18)
 Q - a wand of enslavement (11)
 Z - a wand of paralysis (54)
Scrolls
 e - 10 scrolls of magic mapping
 i - 6 scrolls of blinking
 j - 6 scrolls of fear
 k - 3 scrolls of identify
 u - 5 scrolls of amnesia
 B - 8 scrolls of enchant weapon
 J - a scroll of acquirement
 K - a scroll of enchant armour
 M - 5 scrolls of teleportation
 P - 13 scrolls of remove curse
 T - 3 scrolls of fog
Potions
 f - a potion of magic
 n - 3 potions of resistance
 p - 2 potions of invisibility
 x - 6 potions of brilliance
 A - 3 potions of haste
 C - 6 potions of curing
 D - 2 potions of might
 L - 5 potions of cancellation
 R - a potion of agility
Miscellaneous
 E - a phial of floods
 F - a lamp of fire
 G - a lightning rod (4/4)
 U - 4 phantom mirrors
Comestibles
 c - 28 rations


   Skills:
 + Level 19.2 Fighting
   Level 1.2 Short Blades
 - Level 15.1 Polearms
 + Level 10.5 Armour
 - Level 20.0 Dodging
 - Level 7.1 Stealth
 - Level 5.0 Shields
 - Level 15.0 Spellcasting
 - Level 14.0 Hexes
 - Level 5.3 Charms
 - Level 18.2 Summonings
 - Level 4.4 Translocations
   Level 6.1 Ice Magic
 - Level 6.2 Air Magic
 - Level 4.0 Poison Magic
 - Level 8.0 Invocations


You had 8 spell levels left.
You knew the following spells:

 Your Spells              Type           Power        Failure   Level  Hunger
a - Summon Lightning Spi  Summ/Air       ######..     1%          4    None
b - Summon Mana Viper     Hex/Summ       ######..     1%          5    ###....
d - Apportation           Tloc           ####..       1%          1    None
e - Invisibility          Hex            ######..     4%          6    #####..
f - Blink                 Tloc           N/A          2%          2    None
m - Summon Hydra          Summ           #######...   4%          7    ######.
n - Monstrous Menagerie   Summ           #######...   4%          7    ######.
q - Regeneration          Chrm/Necr      ####......   9%          3    None
s - Poisonous Vapours     Pois/Air       #####.       1%          2    None
v - Summon Demon          Summ           #######...   1%          5    ###....
w - Shroud of Golubria    Chrm/Tloc      #####.....   1%          2    None
x - Summon Butterflies    Summ           #######.     0%          1    None

Your spell library contained the following spells:

 Spells                   Type           Power        Failure   Level  Hunger
 Summon Small Mammal      Summ           ####         0%          1    None
 Call Imp                 Summ           #######.     0%          2    None
 Call Canine Familiar     Summ           #######.     0%          3    None
 Confusing Touch          Hex            ######       1%          1    None
 Corona                   Hex            ######.      1%          1    None
 Freeze                   Ice            ####         1%          1    None
 Ensorcelled Hibernation  Hex/Ice        ######       1%          2    None
 Slow                     Hex            ######..     1%          2    None
 Swiftness                Chrm/Air       #####...     1%          2    None
 Confuse                  Hex            ######..     1%          3    None
 Dazzling Spray           Conj/Hex       #####.       1%          3    None
 Inner Flame              Hex/Fire       #####...     1%          3    None
 Portal Projectile        Hex/Tloc       ######       1%          3    None
 Summon Guardian Golem    Hex/Summ       ######..     1%          3    None
 Tukima's Dance           Hex            ######..     1%          3    None
 Cause Fear               Hex            ######....   1%          4    None
 Summon Ice Beast         Ice/Summ       ######..     1%          4    None
 Shock                    Conj/Air       ####         2%          1    None
 Ozocubu's Armour         Chrm/Ice       #####...     2%          3    None
 Throw Frost              Conj/Ice       ####..       4%          2    None
 Gell's Gravitas          Tloc           ####......   4%          3    None
 Lesser Beckoning         Tloc           ####......   4%          3    None
 Teleport Other           Tloc           ####....     4%          3    None
 Fulminant Prism          Conj/Hex       #####.....   4%          4    None
 Leda's Liquefaction      Hex/Erth       #####.....   4%          4    None
 Silence                  Hex/Air        ######....   4%          5    ###....
 Summon Greater Demon     Summ           #######...   4%          7    ######.
 Mephitic Cloud           Conj/Pois/Air  ####....     7%          3    None
 Airstrike                Air            #####.....   7%          4    None
 Static Discharge         Conj/Air       ####....     8%          3    None
 Animate Skeleton         Necr           N/A          9%          1    None
 Beastly Appendage        Tmut           ###...       9%          1    None
 Flame Tongue             Conj/Fire      ###..        9%          1    None
 Magic Dart               Conj           ###.         9%          1    None
 Sandblast                Erth           ###...       9%          1    None
 Spider Form              Tmut/Pois      ###.......   12%         3    None
 Corpse Rot               Necr           N/A          14%         2    None
 Passwall                 Tmut/Erth      ###.....     14%         2    None
 Searing Ray              Conj           ###...       14%         2    None
 Sticks to Snakes         Tmut           ###.....     14%         2    None
 Sublimation of Blood     Necr           ###.......   14%         2    None
 Throw Flame              Conj/Fire      ###...       14%         2    None
 Yara's Violent Unravell  Hex/Tmut       #####.....   14%         5    ###....
 Passage of Golubria      Tloc           N/A          16%         4    None
 Conjure Flame            Conj/Fire      ###.....     26%         3    None
 Stone Arrow              Conj/Erth      ###...       26%         3    None
 Vampiric Draining        Necr           ###.......   26%         3    None
 Ice Form                 Ice/Tmut       ####....     26%         4    None
 Throw Icicle             Conj/Ice       ####....     26%         4    None
 Summon Horrible Things   Summ           #######...   34%         8    #######
 Force Lance              Conj/Tloc      ###.....     36%         4    None
 Lightning Bolt           Conj/Air       ####......   56%         5    ###....
 Malign Gateway           Summ/Tloc      ######....   58%         7    ######.
 Excruciating Wounds      Chrm/Necr      ####......   63%         5    ###....
 Iskenderun's Battlesphe  Conj/Chrm      ####....     63%         5    ###....
 Iskenderun's Mystic Bla  Conj           ###.....     65%         4    None
 Petrify                  Tmut/Erth      ###.....     65%         4    None
 Sticky Flame             Conj/Fire      ###.....     65%         4    None
 Alistair's Intoxication  Tmut/Pois      ###.....     73%         5    ###....
 Venom Bolt               Conj/Pois      ###.......   73%         5    ###....
 Deflect Missiles         Chrm/Air       #####.....   78%         6    #####..
 Haunt                    Necr/Summ      ######....   88%         7    ######.
 Spellforged Servitor     Conj/Summ      ######....   88%         7    ######.
 Discord                  Hex            ######....   88%         8    #######
 Dispersal                Tloc           ####......   93%         6    #####..
 Agony                    Necr           ###.....     94%         5    ###....
 Blade Hands              Tmut           ###.......   94%         5    ###....
 Bolt of Draining         Conj/Necr      ###.......   94%         5    ###....
 Bolt of Magma            Conj/Fire/Erth ###.......   94%         5    ###....
 Dispel Undead            Necr           ###.....     94%         5    ###....
 Fireball                 Conj/Fire      ###.......   94%         5    ###....
 Lee's Rapid Deconstruct  Erth           ###.......   94%         5    ###....
 Freezing Cloud           Conj/Ice/Air   ####......   95%         6    #####..
 Conjure Ball Lightning   Conj/Air       ####......   98%         6    #####..
 Bolt of Cold             Conj/Ice       ####......   99%         6    #####..
 Simulacrum               Ice/Necr       ####......   99%         6    #####..
 Iron Shot                Conj/Erth      ###.......   100%        6    #####..
 Statue Form              Tmut/Erth      ###......    100%        6    #####..
 Orb of Destruction       Conj           ###.......   100%        7    ######.
 Ring of Flames           Chrm/Fire      ####......   100%        7    ######.
 Borgnjor's Revivificati  Necr           ###.......   100%        8    #######
 Controlled Blink         Tloc           N/A          100%        8    #######
 Death's Door             Chrm/Necr      ####......   100%        8    #######
 Disjunction              Tloc           ####......   100%        8    #######
 Infestation              Necr           ###.......   100%        8    #######
 Necromutation            Tmut/Necr      ###.......   100%        8    #######
 Shatter                  Erth           ###.......   100%        9    #######


Dungeon Overview and Level Annotations

Branches:
Dungeon (15/15)            Temple (1/1) D:4            Lair (6/6) D:11
  Swamp (4/4) Lair:3       Spider (4/4) Lair:2          Orc (2/2) D:11
    Elf (3/3) Orc:2        Vaults (5/5) D:14          Crypt (0/3) Vaults:3
 Depths (5/5) D:15            Zot (1/5) Depths:5
  Slime: Lair:5-6

Altars:
Elyvilon
Fedhas
Okawaru
Ru
Sif Muna
Uskayaw
Vehumet
Xom
Yredelemnul
Zin

Shops:
D:7 *   D:8 *   D:13 *(   D:15 }   Orc:1 *   Orc:2 *=(:[   Elf:1 =[[}   Elf:3 [
Depths:1 %   Depths:2 (*   Depths:3 (

Portals:
Hell: Depths:1 Depths:2 Depths:3 Depths:4 Depths:5
Abyss: Depths:2 Depths:4
Pandemonium: Depths:3 Depths:4 Depths:5
Ziggurat: Depths:4

Annotations:
D:14 exclusion: Roxanne, Roxanne
Lair:1 MTVSty1e's ghost, journeyman DrGl
Lair:5 exclusion: 3 oklob plants
Lair:6 Josephine
Spider:3 1 runed door, Yerrow's ghost, journeyman MiBe


Message History

The quicksilver dragon closely misses you.
The quicksilver dragon misses you.
Casting: Shroud of Golubria (safe; 1% risk of failure)
Confirm with . or Enter, or press ? or * to list all spells.
You renew your shroud.
You block the quicksilver dragon's attack.
The quicksilver dragon completely misses you.
The quicksilver dragon bites you but does no damage.
You block the quicksilver dragon's attack.
You feel much better.
The quicksilver dragon bites you but does no damage.
You block the quicksilver dragon's attack.
The quicksilver dragon bites you!!
* * * LOW HITPOINT WARNING * * *
Your shroud falls apart!
You block the quicksilver dragon's attack.
The quicksilver dragon is no longer berserk.
The quicksilver dragon breathes dispelling energy at you.
The bolt of dispelling energy hits you!
You die...

#.##.#.#..#....#..........#.
#.##q#.#..#....#..........##
#.#....#..#....#..........##
#.####.#..#.####........####
#......# #d# ######.######
######.# #y# #.#..... #d#
#D# #.#..... #.# #.#
#.#..... #.# #@# #.'.....
#q# #....# ###..... #D#
####.# #..... #(d.dq... #
###### ###.l.... d.....
..... ..... ....


You could see a black draconian, a quicksilver dragon and a moth of wrath.

Vanquished Creatures
  An ancient lich (Depths:3)
  Saint Roka (Depths:4)
  3 golden dragons
  Xtahua (Depths:4)
  Arachne (Spider:3)
  2 tentacled monstrosities
  Asterion (Depths:2)
  3 deep elf master archers (Elf:3)
  3 titans
  3 deep elf blademasters
  3 quicksilver dragons
  2 sphinxes (Vaults:5)
  A death cob (Zot:1)
  A shadow dragon (Zot:1)
  A thorn hunter (Swamp:4)
  3 storm dragons
  5 tengu reavers
  5 deep elf sorcerers
  6 fire giants
  An iron dragon (Vaults:5)
  14 vault wardens
  7 frost giants
  A draconian scorcher (Zot:1)
  A draconian knight (Zot:1)
  Louise (D:14)
  4 ghost moths
  A balrug (Depths:5)
  8 deep elf elementalists
  9 ironheart preservers
  2 draconian annihilators
  A caustic shrike skeleton (Depths:4)
  A war gargoyle (Vaults:5)
  5 entropy weavers
  16 stone giants
  2 green draconians (Zot:1)
  6 very ugly things
  7 deep elf demonologists
  2 yellow draconians (Depths:5)
  2 vampire knights
  6 deep elf annihilators (Elf:3)
  4 spark wasps
  2 deep elf death magi (Elf:3)
  5 ettins
  16 ogre magi
  9 fire dragons
  Erolcha (D:11)
  5 ice dragons
  12 yaktaur captains
  5 great orbs of eyes
  21 vault guards
  4 deep elf high priests (Elf:3)
  13 hydras
  A catoblepas (Lair:3)
  3 spriggan air magi
  17 centaur warriors
  3 ghost crabs
  3 death knights
  2 deep troll shamans
  25 two-headed ogres
  6 tengu warriors
  10 dancing weapons
  3 death yaks
  4 orc high priests
  8 deep troll earth magi
  9 alligators
  2 vampire magi
  2 shock serpents (shapeshifter) (Vaults:4)
  3 spriggan berserkers
  13 hell knights
  A sun demon (Depths:1)
  Nergalle (Lair:1)
  8 deep elf knights
  2 shadow wraiths
  An unseen horror (D:11)
  A flayed ghost (Vaults:5)
  10 skeletal warriors
  12 wizards
  14 deep trolls
  4 glowing orange brains
  7 necromancers
  8 swamp dragons
  8 deep elf archers
  10 orc knights
  28 deep elf magi
  2 phantasmal warriors (Vaults:3)
  2 shambling mangroves
  6 orb spiders
  14 ugly things
  23 wolf spiders
  2 orc sorcerers
  19 ironbrand convokers
  A cyclops (shapeshifter) (Depths:1)
  3 cyclopes
  7 manticores
  A tengu skeleton (Depths:2)
  A manticore (shapeshifter) (Depths:4)
  9 moths of wrath
  A black mamba (Lair:6)
  A guardian serpent (shapeshifter) (Vaults:3)
  Maurice (D:13)
  10 elephants
  8 vault sentinels
  A fire giant skeleton (Depths:1)
  2 torpor snails (Spider:4)
  11 spiny frogs
  8 kobold demonologists
  8 freezing wraiths
  3 komodo dragons
  5 rime drakes
  33 jumping spiders
  A queen bee (Spider:4)
  6 tyrant leeches
  16 demonic crawlers
  6 polar bears
  40 yaktaurs
  5 trolls
  2 tengu conjurers
  A jumping spider (shapeshifter) (Vaults:1)
  10 blink frogs
  A harpy skeleton (D:15)
  13 hornets
  A fire dragon zombie (Depths:1)
  12 hippogriffs
  A fire giant simulacrum (Depths:1)
  31 slime creatures
  7 bog bodies
  A large abomination (Elf:1)
  An air elemental (Elf:2)
  65 redbacks
  20 tarantellas
  An ettin skeleton (Depths:2)
  A redback (shapeshifter) (Depths:3)
  A spriggan (shapeshifter) (Vaults:4)
  3 wraiths
  11 wyverns
  19 yaks
  3 spriggans
  11 water elementals
  A centaur simulacrum (D:14)
  A deep troll skeleton (Depths:1)
  3 shadows
  6 vampires
  A ynoxinul (Depths:5)
  5 basilisks
  A hog (D:8)
  A fire elemental (Elf:2)
  Eustachio (D:4)
  A chaos spawn (Depths:5)
  12 humans (D:14)
  3 hungry ghosts
  Edmund (D:5)
  10 vampire mosquitoes
  6 insubstantial wisps (Swamp:3)
  An acid dragon (shapeshifter) (Vaults:3)
  6 swamp worms
  8 wargs
  13 water moccasins
  33 orc warriors
  7 swamp drakes
  A human skeleton (Depths:2)
  10 porcupines
  Duvessa (D:5)
  2 ice beasts
  2 sky beasts
  A phantom (D:10)
  A necrophage (D:11)
  11 boggarts
  16 ogres
  3 centaurs
  13 wolves
  7 crocodiles
  3 big kobolds
  5 elf zombies
  12 bullfrogs
  An earth elemental (Elf:2)
  2 wyvern zombies
  A scorpion (D:12)
  A hornet simulacrum (D:14)
  A wyvern skeleton (D:15)
  2 human simulacra
  5 killer bees
  3 howler monkeys (D:11)
  13 electric eels
  7 crimson imps
  2 bullfrog zombies (D:11)
  A gnoll shaman (D:7)
  23 orc wizards
  4 centaur skeletons
  4 hounds
  A jelly (D:10)
  16 orc priests
  3 bullfrog skeletons
  3 iguanas
  5 worker ants
  A bullfrog simulacrum (D:10)
  A hound skeleton (D:4)
  A gnoll (D:3)
  13 adders
  2 shadow imps
  2 white imps (Vaults:4)
  2 adder skeletons
  An adder zombie (D:7)
  6 worms
  A dart slug (D:1)
  6 leopard geckos
  A leopard gecko (shapeshifter) (Vaults:5)
  57 orcs
  4 bats
  5 giant cockroaches
  13 goblins
  8 hobgoblins
  2 jackals (D:1)
  31 kobolds
  3 quokkas
  2 ball pythons (D:4)
  6 frilled lizards
  A giant cockroach zombie (D:6)
  7 rats
  A briar patch (Swamp:4)
  A butterfly (Lair:1)
  A fungus (Lair:2)
  A plant (Lair:4)
1428 creatures vanquished.

Vanquished Creatures (collateral kills)
  Sojobo (Depths:3)
  2 caustic shrikes
  A golden dragon (Depths:3)
  3 liches
  Jorgrun (Spider:1)
  A titan (Vaults:5)
  A quicksilver dragon (Depths:2)
  2 quicksilver dragons (shapeshifter) (Vaults:5)
  A deep elf blademaster (Elf:3)
  Gastronok (D:12)
  2 sphinxes
  3 shadow dragons
  3 storm dragons
  4 tengu reavers (Vaults:5)
  4 fire giants
  8 vault wardens
  3 frost giants
  8 deep elf sorcerers
  2 balrugs
  A ghost moth (Spider:4)
  A draconian shifter (Zot:1)
  4 deep elf elementalists (Elf:3)
  2 emperor scorpions (Spider:3)
  A draconian stormcaller (Depths:5)
  11 very ugly things
  An ironheart preserver (Vaults:4)
  An entropy weaver (Spider:1)
  8 stone giants
  A vampire knight (Depths:4)
  2 deep elf demonologists (Elf:3)
  A red draconian (Depths:5)
  A yellow draconian (Zot:1)
  2 purple draconians
  A small abomination (Vaults:4)
  An eidolon (Vaults:3)
  A spark wasp (Depths:3)
  5 deep elf death magi
  3 ettins
  7 yaktaur captains
  3 fire dragons
  3 deep elf high priests (Elf:3)
  10 hydras
  13 vault guards
  2 rakshasas (Depths:4)
  2 centaur warriors
  A juggernaut simulacrum (Depths:2)
  9 ogre magi
  A dancing weapon (Elf:2)
  A death knight (Vaults:2)
  2 alligators
  2 tengu warriors
  3 deep troll shamans
  2 deep troll earth magi
  4 death yaks
  A vampire mage (Depths:3)
  24 two-headed ogres
  Urug (Lair:2)
  2 orc high priests
  10 hell knights
  2 large abominations (Elf:1)
  A sun demon (Depths:1)
  6 deep elf knights
  A spriggan druid (Swamp:2)
  4 skeletal warriors
  An unseen horror (D:15)
  4 deep trolls
  2 glowing orange brains
  A deep troll (shapeshifter) (Depths:2)
  10 deep elf archers
  7 wizards
  2 phantasmal warriors (Vaults:5)
  2 shambling mangroves (Swamp:4)
  A swamp dragon (Swamp:1)
  An ironbrand convoker (Vaults:5)
  4 orc knights
  2 necromancers
  25 deep elf magi
  12 orb spiders
  18 ugly things
  An orc sorcerer (Orc:2)
  A stone giant zombie (Depths:2)
  A moth of wrath (Spider:4)
  6 wolf spiders
  2 cyclopes
  2 mana vipers (shapeshifter)
  A water nymph (shapeshifter) (Depths:3)
  3 elephants
  An elephant (shapeshifter) (Vaults:4)
  A rust devil (Depths:3)
  A black mamba (Lair:3)
  2 spiny frogs
  2 orange demons
  7 vault sentinels
  A kobold demonologist (D:14)
  4 rime drakes
  25 yaktaurs
  A komodo dragon (Lair:4)
  A hellwing (Depths:3)
  An ice devil (Depths:5)
  A freezing wraith (Vaults:2)
  A tengu conjurer (Depths:1)
  4 trolls
  4 tyrant leeches
  A wind drake (shapeshifter) (Vaults:5)
  7 hornets
  3 polar bears (IceCv)
  17 jumping spiders
  8 blink frogs
  13 slime creatures
  An ice dragon zombie (Depths:1)
  3 hippogriffs
  A water elemental (D:11)
  Sigmund (D:3)
  29 redbacks
  A spriggan (Swamp:4)
  2 tarantellas
  2 wraiths
  14 yaks
  A basilisk (shapeshifter) (Depths:4)
  2 hogs (D:8)
  2 wyverns
  A fire elemental (Elf:2)
  10 humans
  6 basilisks
  6 vampire mosquitoes
  The ghost of Starchild the Charmwright, an amateur BaSk (D:3)
  2 wargs
  4 swamp worms
  A naga (shapeshifter) (Depths:4)
  An acid dragon (Vaults:1)
  2 water moccasins
  6 porcupines
  2 necrophages
  A sky beast (D:9)
  6 swamp drakes
  9 orc warriors
  2 ice beasts (D:10)
  3 phantoms
  2 boggarts
  10 wolves
  A spriggan simulacrum (Depths:2)
  12 ogres
  The ghost of Starchild the Slasher, an amateur FoFi of Jiyva (D:3)
  A centaur (D:8)
  A crocodile (Lair:6)
  3 big kobolds
  The ghost of emiel the Magician, an amateur TeEE (D:3)
  3 bullfrogs
  Dowan (D:5)
  3 scorpions
  12 killer bees
  2 electric eels
  A howler monkey (D:6)
  A crimson imp (D:5)
  3 quasits
  4 jellies
  4 hounds
  19 orc priests
  12 orc wizards
  3 worker ants
  2 hound skeletons (D:8)
  Robin (D:3)
  9 gnolls
  5 adders
  A worker ant simulacrum (D:10)
  2 ufetubi (D:10)
  An ooze (D:2)
  A dart slug (D:2)
  45 orcs
  A bat (D:3)
  3 giant cockroaches
  5 goblins (D:3)
  A hobgoblin (D:3)
  2 jackals (D:1)
  A quokka (D:2)
  12 kobolds
  2 crawling corpses (Elf:3)
  A plant (Lair:2)
748 creatures vanquished.

Vanquished Creatures (others)
  A spark wasp (Depths:2)
  An alligator (Swamp:2)
  A two-headed ogre (Vaults:4)
  A spark wasp zombie (Depths:4)
  A deep elf archer (Elf:1)
  4 ugly things (Vaults:1)
  2 deep elf magi
  A yaktaur (Vaults:2)
  A jumping spider (Spider:4)
  A polar bear (IceCv)
  2 slime creatures (D:13)
  2 redbacks (Spider:1)
  4 yaks
  A swamp worm (Swamp:1)
  An orc warrior (Orc:1)
  An orc wizard (D:6)
  3 briar patches (Swamp:4)
  19 fungi
  35 plants
  2 withered plants (D:3)
84 creatures vanquished.

Grand Total: 2260 creatures vanquished

Notes
Turn   | Place    | Note
-------+----------+-------------------------------------------
     0 | D:1      | Stepladder the Merfolk Summoner began the quest for the
                  | Orb.
     0 | D:1      | Reached XP level 1. HP: 13/13 MP: 3/3
   394 | D:1      | Reached XP level 2. HP: 17/19 MP: 0/5
   396 | D:1      | Reached skill level 3 in Dodging
   450 | D:1      | Learned a level 2 spell: Call Imp
   663 | D:1      | Reached skill level 1 in Fighting
   777 | D:1      | Reached XP level 3. HP: 23/26 MP: 6/6
  1138 | D:2      | Found an iron altar of Okawaru.
  1144 | D:2      | Became a worshipper of Warmaster Okawaru
  1464 | D:2      | Reached XP level 4. HP: 33/33 MP: 7/7
  1583 | D:2      | Reached skill level 4 in Dodging
  2079 | D:3      | Reached XP level 5. HP: 37/39 MP: 4/8
  2257 | D:3      | Reached skill level 1 in Short Blades
  2259 | D:3      | Noticed Robin
  2277 | D:3      | Killed Robin
  2558 | D:3      | Learned a level 4 spell: Summon Lightning Spire
  2615 | D:3      | Reached * piety under Okawaru
  2615 | D:3      | Reached skill level 5 in Summonings
  2758 | D:3      | Found a runed gate.
  2758 | D:3      | Found a runed gate.
  2758 | D:3      | Found a runed gate.
  2758 | D:3      | Noticed Starchild's ghost (amateur BaSk)
  2759 | D:3      | Noticed emiel's ghost (amateur TeEE)
  2759 | D:3      | Noticed Starchild's ghost (amateur FoFi)
  2814 | D:3      | Noticed Sigmund
  3485 | D:3      | Noticed a big kobold
  3517 | D:3      | Killed a big kobold
  3517 | D:3      | Reached skill level 5 in Dodging
  3517 | D:3      | Reached XP level 6. HP: 47/47 MP: 3/9
  3927 | D:3      | Reached skill level 1 in Air Magic
  3991 | D:3      | Killed Sigmund
  3991 | D:3      | Reached ** piety under Okawaru
  3991 | D:3      | Reached skill level 1 in Armour
  3991 | D:3      | Reached XP level 7. HP: 52/52 MP: 1/10
  4435 | D:4      | Found a staircase to the Ecumenical Temple.
  4969 | D:4      | Noticed Eustachio
  5172 | D:4      | Killed Eustachio
  5172 | D:4      | Reached *** piety under Okawaru
  5172 | D:4      | Reached skill level 1 in Polearms
  5172 | D:4      | Reached skill level 6 in Dodging
  5348 | D:4      | Learned a level 3 spell: Summon Guardian Golem
  5501 | D:4      | Got a slimy quarterstaff
  5570 | D:5      | Entered Level 5 of the Dungeon
  5800 | D:5      | Reached XP level 8. HP: 58/58 MP: 8/11
  5899 | D:5      | Noticed Edmund
  5942 | D:5      | Killed Edmund
  6126 | D:5      | Noticed Dowan
  6126 | D:5      | Noticed Duvessa
  6138 | D:5      | Killed Dowan
  6167 | D:5      | Killed Duvessa
  6462 | D:6      | Reached skill level 7 in Dodging
  7020 | D:6      | Found a blossoming altar of Fedhas.
  7451 | D:7      | Reached **** piety under Okawaru
  7637 | D:7      | Found Otoykk's Assorted Antiques.
  7645 | D:7      | Reached skill level 1 in Invocations
  7729 | D:7      | Bought a scroll of identify for 60 gold pieces
  7729 | D:7      | Bought a scroll of identify for 60 gold pieces
  7972 | D:8      | Found Anai's General Store.
  7994 | D:8      | Bought a +2 pair of gloves for 198 gold pieces
  8049 | D:8      | Reached skill level 5 in Polearms
  8049 | D:8      | Reached XP level 9. HP: 51/63 MP: 13/13
  8055 | D:8      | Identified a scroll of acquirement
  8252 | D:8      | Noticed a kobold demonologist
  8267 | D:8      | Reached skill level 8 in Dodging
  8271 | D:8      | Killed a kobold demonologist
  8855 | D:9      | Noticed a troll
  8867 | D:9      | Killed a troll
  9031 | D:9      | Found a white marble altar of Elyvilon.
  9134 | D:9      | Noticed a two-headed ogre
  9197 | D:9      | Killed a two-headed ogre
  9197 | D:9      | Reached ***** piety under Okawaru
  9197 | D:9      | Reached skill level 1 in Hexes
 10227 | D:10     | Entered Level 10 of the Dungeon
 10314 | D:10     | Reached skill level 5 in Air Magic
 10314 | D:10     | Reached XP level 10. HP: 65/73 MP: 6/14
 10347 | D:10     | Reached skill level 5 in Fighting
 11425 | D:10     | Got a brightly glowing hunting sling
 12796 | D:11     | Received a gift from Okawaru
 12935 | D:11     | Noticed an unseen horror
 13085 | D:11     | Killed an unseen horror
 13085 | D:11     | Reached skill level 9 in Dodging
 13085 | D:11     | Noticed Erolcha
 13088 | D:11     | Paralysed by Erolcha for 5 turns
 13295 | D:11     | Killed Erolcha
 13591 | D:11     | Found a staircase to the Orcish Mines.
 13637 | D:11     | Reached XP level 11. HP: 73/80 MP: 16/16
 13639 | D:11     | Reached skill level 10 in Polearms
 13648 | D:11     | Noticed a two-headed ogre
 13662 | D:11     | Killed a two-headed ogre
 13983 | D:11     | Found a sacrificial altar of Ru.
 14403 | D:11     | Found a staircase to the Lair.
 15639 | D:11     | Learned a level 3 spell: Mephitic Cloud
 16897 | D:12     | Noticed a cyclops
 16918 | D:11     | Killed a cyclops
 17122 | D:12     | Reached skill level 1 in Poison Magic
 17188 | D:12     | Noticed a cyan ugly thing
 17286 | Lair:1   | Entered Level 1 of the Lair of Beasts
 17351 | Lair:1   | Learned a level 4 spell: Summon Ice Beast
 17499 | Lair:1   | Noticed Nergalle
 17528 | Lair:1   | Killed Nergalle
 17779 | Lair:1   | Found a runed gate.
 17780 | Lair:1   | Found a runed gate.
 17781 | Lair:1   | Found a runed gate.
 17798 | Lair:1   | Noticed MTVSty1e's ghost (journeyman DrGl)
 17801 | Lair:1   | Noticed a minotaur
 18348 | Lair:1   | Received a gift from Okawaru
 18728 | Lair:1   | Noticed a four-headed hydra
 18744 | Lair:1   | Killed a four-headed hydra
 19176 | Lair:2   | Found a frozen archway.
 19304 | IceCv    | Entered an ice cave
 19816 | IceCv    | Noticed a death yak
 19826 | IceCv    | Killed a death yak
 19829 | IceCv    | Reached XP level 12. HP: 92/92 MP: 12/18
 20067 | IceCv    | Reached skill level 10 in Summonings
 20997 | IceCv    | Received a gift from Okawaru
 21102 | IceCv    | Got a warped demon trident {god gift}
 21103 | IceCv    | Identified the +4 demon trident of Siocueda {elec, rElec
                  | rPois rN+++ Int-2} (Okawaru gifted it to you in an ice
                  | cave)
 21628 | Lair:2   | Reached skill level 5 in Spellcasting
 21817 | Lair:2   | Reached skill level 10 in Dodging
 21898 | Lair:2   | Noticed Urug
 21916 | Lair:2   | Killed Urug
 22295 | Lair:2   | Found a hole to the Spider Nest.
 22444 | Lair:3   | Noticed a catoblepas
 22897 | Lair:3   | Noticed a death yak
 22903 | Lair:3   | Noticed a death yak
 22906 | Lair:3   | Noticed a death yak
 22908 | Lair:3   | Noticed a death yak
 22913 | Lair:3   | Noticed a death yak
 22917 | Lair:3   | Killed a death yak
 22917 | Lair:3   | Received a gift from Okawaru
 22917 | Lair:3   | Reached skill level 1 in Ice Magic
 22918 | Lair:3   | Noticed a death yak
 22925 | Lair:3   | Killed a death yak
 23165 | Lair:3   | Killed a death yak
 23194 | Lair:2   | Killed a death yak
 23416 | Lair:3   | Found a staircase to the Swamp.
 23452 | Lair:3   | Killed a death yak
 23455 | Lair:3   | Killed a death yak
 23532 | Lair:3   | Got a shimmering glaive {god gift}
 23533 | Lair:3   | Identified the +9 glaive of the Pariah {chop, rF++}
                  | (Okawaru gifted it to you on level 3 of the Lair of Beasts)
 23588 | Lair:3   | Reached XP level 13. HP: 89/101 MP: 15/21
 23895 | Lair:3   | Reached skill level 5 in Armour
 24203 | Lair:4   | Received a gift from Okawaru
 24206 | Lair:4   | Reached skill level 5 in Invocations
 24859 | Lair:4   | Reached skill level 10 in Fighting
 24967 | Lair:4   | Received a gift from Okawaru
 24994 | Lair:4   | Got a scorched scale mail {god gift}
 25160 | Lair:3   | Reached skill level 5 in Ice Magic
 26604 | Lair:4   | Identified the +1 scale mail of Noacorell {Stlth+} (Okawaru
                  | gifted it to you on level 4 of the Lair of Beasts)
 28738 | Lair:6   | Entered Level 6 of the Lair of Beasts
 28869 | Lair:6   | Received a gift from Okawaru
 29504 | Lair:6   | Reached XP level 14. HP: 96/110 MP: 2/23
 29542 | Lair:6   | Noticed Josephine
 29630 | Lair:5   | Reached XP level 15. HP: 115/115 MP: 24/24
 29645 | Lair:5   | Learned a level 5 spell: Summon Mana Viper
 30045 | D:12     | Noticed Gastronok
 30059 | D:12     | Killed Gastronok
 31807 | D:13     | Noticed Maurice
 31815 | D:13     | Reached skill level 5 in Hexes
 31965 | D:13     | Killed Maurice
 32312 | D:13     | Found Lulil's Antique Weapon Emporium.
 33035 | D:13     | Found Zuesuesoy's Blood Bar.
 33351 | D:14     | Noticed Roxanne
 33408 | D:14     | Noticed Louise
 34426 | D:14     | Received a gift from Okawaru
 34508 | D:14     | Reached skill level 15 in Polearms
 34792 | D:14     | Reached skill level 11 in Dodging
 34933 | D:14     | Found a gate to the Vaults.
 35589 | D:15     | Entered Level 15 of the Dungeon
 35706 | D:15     | Identified the Grimoire of Fiery Creation
 35714 | D:15     | Learned a level 5 spell: Summon Demon
 36191 | Orc:1    | Entered Level 1 of the Orcish Mines
 36374 | Orc:2    | Entered Level 2 of the Orcish Mines
 36374 | Orc:2    | Found a staircase to the Elven Halls.
 36846 | Orc:1    | Reached skill level 1 in Shields
 37163 | Orc:2    | Found Udat's General Store.
 37174 | Orc:2    | Bought a scroll of identify for 36 gold pieces
 38168 | Orc:2    | Learned a level 1 spell: Summon Butterflies
 38171 | Orc:2    | Learned a level 2 spell: Blink
 38288 | Orc:2    | Found Sonkiy's Antique Weapon Shoppe.
 38288 | Orc:2    | Found Uheu's Armour Emporium.
 38291 | Orc:2    | Found Ybrityot's Book Emporium.
 38293 | Orc:2    | Found Allumeha's Jewellery Shoppe.
 38334 | Orc:2    | Bought the ring "Aruanief" {rC+ Dex+3} for 475 gold pieces
 38338 | Orc:2    | Bought a +2 cloak for 280 gold pieces
 38705 | Orc:1    | Found Vaot's General Store.
 38716 | Orc:1    | Bought 2 potions of heal wounds for 140 gold pieces
 39245 | Lair:1   | Cast into level 2 of the Abyss (MTVSty1e's ghost)
 39273 | Lair:1   | Escaped the Abyss
 39513 | Swamp:1  | Entered Level 1 of the Swamp
 39635 | Swamp:1  | Reached skill level 1 in Translocations
 39636 | Swamp:1  | Received a gift from Okawaru
 39645 | Swamp:1  | Got a ripped robe {god gift}
 39649 | Swamp:1  | Identified the +2 robe of the Vaults {rElec Str+3} (Okawaru
                  | gifted it to you on level 1 of the Swamp)
 39688 | Swamp:1  | Reached XP level 16. HP: 122/122 MP: 4/25
 40508 | Swamp:1  | You fall through a shaft!
 41633 | Swamp:2  | Found a radiant altar of Vehumet.
 43195 | Swamp:4  | Entered Level 4 of the Swamp
 43230 | Swamp:4  | Reached skill level 12 in Dodging
 43369 | Swamp:4  | Received a gift from Okawaru
 44968 | Swamp:4  | Noticed a thorn hunter
 44992 | Swamp:4  | Killed a thorn hunter
 45614 | Swamp:4  | Got a decaying rune of Zot
 45914 | Spider:1 | Entered Level 1 of the Spider Nest
 46402 | Spider:1 | Reached XP level 17. HP: 130/130 MP: 16/29
 47006 | Lair:2   | Learned a level 1 spell: Apportation
 48122 | Spider:1 | Received a gift from Okawaru
 48758 | Spider:1 | HP: 4/131 [something (13)]
 49400 | Spider:2 | Noticed Jorgrun
 49543 | Spider:1 | Killed Jorgrun
 51310 | Spider:2 | Got an ancient copper ring
 51327 | Spider:1 | Identified the ring of the Townfolk {rPois rF++ Str-2
                  | Slay+3} (You found it on level 2 of the Spider Nest)
 51483 | Spider:3 | Noticed Arachne
 51696 | Spider:3 | Received a gift from Okawaru
 51964 | Spider:3 | Reached skill level 10 in Spellcasting
 52270 | Spider:3 | Found a runed door.
 52271 | Spider:3 | Found a shimmering altar of Xom.
 52271 | Spider:3 | Noticed Yerrow's ghost (journeyman MiBe)
 52533 | Spider:3 | Killed Arachne
 52956 | Spider:4 | Entered Level 4 of the Spider Nest
 53801 | Spider:4 | Reached skill level 13 in Dodging
 53929 | Spider:4 | Learned a level 2 spell: Shroud of Golubria
 54247 | Spider:4 | Reached skill level 1 in Charms
 54844 | Spider:3 | Reached XP level 18. HP: 101/141 MP: 27/32
 56041 | Spider:4 | Received a gift from Okawaru
 56602 | Spider:4 | Got a gossamer rune of Zot
 56956 | Temple   | Entered the Ecumenical Temple
 57097 | D:3      | Killed emiel's ghost
 57102 | D:3      | Killed Starchild's ghost
 57106 | D:3      | Killed Starchild's ghost
 57564 | D:14     | Reached skill level 14 in Dodging
 57580 | D:14     | Killed Louise
 58282 | D:15     | Found Huabaobe's Gadget Shoppe.
 58856 | D:15     | Received a gift from Okawaru
 59278 | D:15     | Found a staircase to the Depths.
 59953 | Vaults:1 | Entered Level 1 of the Vaults
 60673 | Vaults:1 | Reached skill level 15 in Dodging
 60959 | Vaults:1 | Received a gift from Okawaru
 61183 | Vaults:1 | Learned a level 2 spell: Poisonous Vapours
 61470 | Vaults:1 | You fall through a shaft!
 61631 | Vaults:2 | Reached XP level 19. HP: 104/152 MP: 29/33
 62439 | Vaults:2 | Learned a level 7 spell: Summon Hydra
 63516 | Vaults:2 | Received a gift from Okawaru
 63967 | Vaults:2 | Reached skill level 15 in Summonings
 64479 | Vaults:2 | Identified the +1 leather armour "Gaikhyv" {rF+ rC+ Regen+
                  | Str-2} (You found it on level 2 of the Vaults)
 64641 | Vaults:2 | Received a gift from Okawaru
 64641 | Vaults:2 | Reached skill level 5 in Stealth
 65816 | Vaults:1 | Reached skill level 15 in Fighting
 68379 | Vaults:3 | Reached skill level 10 in Hexes
 68835 | Vaults:3 | Found a staircase to the Crypt.
 68855 | Vaults:3 | Received a gift from Okawaru
 68858 | Vaults:3 | Got a brightly glowing glaive {god gift}
 68964 | Vaults:3 | Identified the +11 glaive "Hunucrun" {pain, rN+ Str+3}
                  | (Okawaru gifted it to you on level 3 of the Vaults)
 69339 | Vaults:3 | Reached XP level 20. HP: 162/162 MP: 34/34
 72506 | Vaults:4 | Reached skill level 16 in Dodging
 74459 | Vaults:4 | Received a gift from Okawaru
 74647 | Vaults:4 | Got a crystal glaive {god gift}
 74652 | Vaults:4 | Identified the +1 glaive of the Goat {chop, rC+++} (Okawaru
                  | gifted it to you on level 4 of the Vaults)
 75610 | Orc:2    | Bought a book of Party Tricks for 700 gold pieces
 75618 | Orc:2    | Learned a level 6 spell: Invisibility
 75642 | Orc:2    | Bought a ration for 90 gold pieces
 75827 | Orc:2    | Bought a +0 ring mail of magic resistance for 187 gold
                  | pieces
 75890 | Elf:1    | Entered Level 1 of the Elven Halls
 77053 | Elf:1    | Identified Dafiytrip's Handbook of Evil Rituals
 77239 | Elf:1    | Found Heehira's Antique Armour Shop.
 77243 | Elf:1    | Found Boxu's Jewellery Shop.
 77245 | Elf:1    | Found Sukew's Gadget Shop.
 77246 | Elf:1    | Found Nibef's Antique Armour Shop.
 77251 | Elf:1    | Bought the ring of the Oligarchy {+Fly MR++} for 460 gold
                  | pieces
 77488 | Elf:2    | Found a deep blue altar of Sif Muna.
 77517 | Elf:2    | Found a magical portal.
 77615 | Elf:2    | Received a gift from Okawaru
 78224 | Elf:2    | Found a huge runed gate.
 78224 | Elf:2    | Found a huge runed gate.
 78224 | Elf:2    | Found a huge runed gate.
 78228 | Elf:2    | Found a huge runed gate.
 78229 | Elf:2    | Found a huge runed gate.
 78327 | Elf:3    | Entered Level 3 of the Elven Halls
 78597 | Elf:2    | Reached XP level 21. HP: 119/168 MP: 26/37
 79043 | Elf:3    | Found Ucrasi's Armour Shop.
 79490 | Elf:3    | Got a crude scale mail
 79508 | Elf:3    | Identified the cursed +0 scale mail of Boiling Hail
                  | {*Corrode +Blink Str+6 SInv} (You took it off a deep elf
                  | high priest on level 3 of the Elven Halls)
 79682 | Elf:3    | Reached ****** piety under Okawaru
 79898 | Elf:3    | Received a gift from Okawaru
 79975 | Elf:2    | HP: 4/168 [deep elf blademaster/short sword of speed (21)]
 81311 | Elf:3    | Got a heavily runed ivory amulet
 81367 | Elf:3    | Reached skill level 10 in Armour
 81561 | Elf:3    | Identified the amulet of Gupir Ehaps {rC+ Regen+ Str-3
                  | Int+4 Slay+3} (You took it off a deep elf demonologist on
                  | level 3 of the Elven Halls)
 82926 | Depths:1 | Entered Level 1 of the Depths
 82989 | Depths:1 | Received a gift from Okawaru
 83845 | Depths:1 | Reached skill level 17 in Dodging
 83912 | Depths:1 | Reached XP level 22. HP: 165/175 MP: 3/39
 84085 | Depths:1 | Found Ocisi's Food Shoppe.
 84382 | Depths:1 | Found a gateway to Hell.
 85820 | Depths:2 | Learned a level 7 spell: Monstrous Menagerie
 85912 | Depths:2 | Noticed Asterion
 85937 | Depths:2 | Killed Asterion
 85937 | Depths:2 | Received a gift from Okawaru
 86248 | Depths:2 | Received a gift from Okawaru
 86767 | Depths:2 | Found a one-way gate to the infinite horrors of the Abyss.
 87377 | Depths:2 | Received a gift from Okawaru
 87718 | Depths:2 | Found Tebavaff's General Store.
 87724 | Depths:2 | Bought a scroll of blinking for 157 gold pieces
 87726 | Depths:2 | Found Obeff's Antique Weapon Shop.
 88296 | Depths:3 | Received a gift from Okawaru
 88800 | Depths:3 | Identified the +2 ring mail "Aroemp" {rCorr} (You found it
                  | on level 3 of the Depths)
 88922 | Depths:3 | Found Seskuax's Antique Weapon Boutique.
 89477 | Depths:3 | Found a deep blue altar of Sif Muna.
 89499 | Depths:3 | Noticed Sojobo
 89512 | Depths:3 | Killed Sojobo
 89512 | Depths:3 | Reached skill level 18 in Dodging
 89700 | Depths:3 | Reached XP level 23. HP: 168/183 MP: 22/40
 89895 | Depths:3 | Identified the Papyrus of Air and Beguiling
 89921 | Depths:3 | Noticed an ancient lich
 89975 | Depths:3 | Killed an ancient lich
 90090 | Depths:3 | Identified the Collected Works on Confrontation
 90092 | Depths:3 | Identified the Reference Book on Poisoning and the
                  | Snowflakes
 90104 | Depths:3 | Identified Mimakuoc's Papyrus of Snow and Malediction
 90438 | Depths:3 | Found a one-way gate leading to the halls of Pandemonium.
 90863 | Depths:3 | Received a gift from Okawaru
 91719 | Depths:4 | Found a gateway to a ziggurat.
 91753 | Depths:4 | Reached skill level 5 in Shields
 91781 | Depths:4 | Noticed a caustic shrike
 91803 | Depths:3 | Killed a caustic shrike
 92225 | Depths:4 | Noticed Xtahua
 92334 | Depths:4 | Killed Xtahua
 92334 | Depths:4 | Reached skill level 19 in Dodging
 92542 | Depths:4 | Noticed a caustic shrike
 92826 | Depths:4 | Noticed a golden dragon
 92865 | Depths:4 | Noticed Saint Roka
 93257 | Depths:3 | Received a gift from Okawaru
 93749 | Depths:3 | Killed a golden dragon
 93953 | Depths:3 | Learned a level 3 spell: Regeneration
 94029 | Depths:4 | Killed Saint Roka
 94351 | Depths:4 | Received a gift from Okawaru
 94606 | Depths:5 | Entered Level 5 of the Depths
 94986 | Depths:4 | Killed a caustic shrike
 95550 | Depths:5 | Reached skill level 20 in Dodging
 95807 | Depths:5 | Found a gate to the Realm of Zot.
 96590 | Elf:3    | Bought a +1 pair of boots of stealth for 181 gold pieces
 97038 | Vaults:5 | Entered Level 5 of the Vaults
 97096 | Vaults:5 | Noticed a golden dragon
 97119 | Vaults:5 | Killed a golden dragon
 97284 | Vaults:5 | Reached XP level 24. HP: 190/190 MP: 13/41
 97765 | Vaults:5 | Received a gift from Okawaru
 98048 | Vaults:5 | Got a silver rune of Zot
 98790 | Vaults:5 | Received a gift from Okawaru
 98924 | Vaults:5 | Noticed a caustic shrike
 98926 | Vaults:5 | a caustic shrike changed into a shadow dragon
 99580 | Vaults:5 | Reached skill level 15 in Spellcasting
 99958 | Vaults:5 | Received a gift from Okawaru
100035 | Vaults:5 | Reached skill level 5 in Charms
100183 | Vaults:5 | Received a gift from Okawaru
101114 | Zot:1    | Entered Level 1 of the Realm of Zot
102326 | Zot:1    | Killed from afar by a quicksilver dragon

Skill      XL: |  1  2  3  4  5  6  7  8  9 10 11 12 13 14 15 16 17 18 19 20 21 22 23 24 |
---------------+-------------------------------------------------------------------------+-----
Dodging        | 3 4 5 6 7 8 9 10 11 12 13 15 16 17 18 20 | 20.0
Fighting       | 1 2 3 4 5 7 9 10 12 14 15 17 19 | 19.2
Short Blades   | 1 |  1.2
Summonings     | 5 6 7 8 9 10 11 12 14 16 17 18 | 18.2
Air Magic      | 1 2 3 5 6 |  6.2
Armour         | 1 2 4 5 6 7 8 9 10 | 10.5
Polearms       | 2 5 7 9 11 13 14 15 | 15.1
Invocations    | 1 3 4 7 8 |  8.0
Spellcasting   | 3 4 5 6 8 10 12 13 14 15 | 15.0
Hexes          | 2 4 7 9 10 12 14 | 14.0
Poison Magic   | 2 4 |  4.0
Ice Magic      | 3 6 |  6.1
Shields        | 4 5 |  5.0
Translocations | 1 3 4 |  4.4
Charms         | 2 4 5 |  5.3
Stealth        | 5 7 |  7.1

Action                   |  1- 3 |  4- 6 |  7- 9 | 10-12 | 13-15 | 16-18 | 19-21 | 22-24 || total
-------------------------+-------+-------+-------+-------+-------+-------+-------+-------++-------
Melee: Mace              |    17 |       |       |       |       |       |       |       ||    17
       Short sword       |    60 |   150 |    49 |       |       |       |       |       ||   259
       Dagger            |     4 |       |       |       |       |       |       |       ||     4
       Tailslap          |       |     2 |       |     1 |     1 |    28 |     4 |     5 ||    41
       Halberd           |       |       |    70 |       |       |       |       |       ||    70
       Spear             |       |       |   179 |       |       |       |       |       ||   179
       Punch             |       |       |     1 |     1 |     2 |       |       |       ||     4
       Glaive            |       |       |    99 |   509 |   501 |       |   455 |       ||  1564
       Trident           |       |       |    20 |    43 |       |       |       |       ||    63
       Demon trident     |       |       |       |    96 |   368 |  1832 |  1238 |  1671 ||  5205
 Fire: Blowgun           |       |    16 |       |    48 |       |       |       |       ||    64
       Hunting sling     |       |    13 |       |       |       |       |       |       ||    13
Throw: Stone             |       |     1 |       |       |       |       |       |       ||     1
       Tomahawk          |       |       |       |       |     1 |     2 |       |     4 ||     7
       Javelin           |       |       |       |       |       |       |     1 |     3 ||     4
 Cast: Summon Small Mamm |    11 |     4 |    19 |       |       |       |       |       ||    34
       Call Imp          |    10 |    40 |    85 |    63 |    31 |    58 |     8 |       ||   295
       Summon Guardian G |       |       |     7 |    37 |    32 |    13 |     5 |       ||    94
       Summon Lightning  |       |       |     6 |    88 |   122 |   177 |   173 |   154 ||   720
       Mephitic Cloud    |       |       |       |     1 |     1 |       |       |       ||     2
       Summon Ice Beast  |       |       |       |       |   101 |   199 |    94 |    12 ||   406
       Summon Demon      |       |       |       |       |     6 |    54 |   112 |    27 ||   199
       Summon Mana Viper |       |       |       |       |     2 |     2 |   118 |   166 ||   288
       Blink             |       |       |       |       |       |    14 |     5 |    14 ||    33
       Summon Butterflie |       |       |       |       |       |     2 |       |     1 ||     3
       Shroud of Golubri |       |       |       |       |       |    15 |    59 |    55 ||   129
       Poisonous Vapours |       |       |       |       |       |     2 |    13 |    84 ||    99
       Summon Hydra      |       |       |       |       |       |       |     1 |    53 ||    54
       Monstrous Menager |       |       |       |       |       |       |       |    67 ||    67
       Invisibility      |       |       |       |       |       |       |       |     7 ||     7
       Regeneration      |       |       |       |       |       |       |       |    19 ||    19
Invok: Heroism           |       |       |     6 |    16 |    20 |    57 |    37 |    31 ||   167
       Finesse           |       |       |       |     3 |     4 |    13 |    11 |     8 ||    39
Evoke: Wand              |       |       |       |     4 |     8 |    23 |     3 |     8 ||    46
       Phial of floods   |       |       |       |       |       |       |       |     1 ||     1
  Use: Scroll            |     2 |     3 |    13 |    12 |    16 |    21 |    18 |    14 ||    99
       Potion            |       |       |     1 |     4 |     2 |     7 |     4 |    10 ||    28
 Stab: Sleeping          |     3 |     1 |     6 |     4 |     6 |     1 |    10 |     4 ||    35
       Distracted        |       |     1 |     7 |    15 |    17 |    49 |    48 |    69 ||   206
       Invisible         |       |       |       |       |       |       |       |    33 ||    33
       Confused          |       |       |       |       |       |       |       |     1 ||     1
  Eat: Chunk             |     3 |    10 |    24 |    44 |    66 |    76 |    96 |    76 ||   395
       Ration            |       |       |     2 |     7 |     9 |    16 |    11 |    17 ||    62
Armor: Robe              |    12 |    27 |       |       |       |       |       |       ||    39
       Ring mail         |       |    25 |     4 |   117 |   221 |     1 |   287 |    56 ||   711
       Leather armour    |       |       |   107 |   100 |       |       |       |       ||   207
       Swamp dragon scal |       |       |       |       |       |   644 |    34 |       ||   678
       Quicksilver drago |       |       |       |       |       |       |       |   299 ||   299
Dodge: Dodged            |    58 |   125 |   336 |   576 |   582 |  1518 |   892 |   933 ||  5020
Block: Buckler           |       |       |       |       |    27 |   579 |   260 |   408 ||  1274
